 Dungeon Crawl Stone Soup version 0.19.5 (webtiles) character file.

15892 Gitz the Fighter (level 12, -1/100 HPs)
             Began as a Demonspawn Berserker on May 25, 2017.
             Was the Champion of Trog.
             Slain by an orc knight
             ... wielding a cursed -1 battleaxe
              (16 damage)
             ... on level 2 of the Orcish Mines.
             The game lasted 00:34:03 (8629 turns).

Gitz the Fighter (Demonspawn Berserker)             Turns: 8629, Time: 00:34:05

Health: -1/100     AC: 25    Str: 24    XL:     12   Next: 5%
Magic:  10/10      EV:  8    Int: 10    God:    Trog [******]
Gold:   916        SH:  0    Dex: 13    Spells: 0 memorised, 11 levels left

rFire  + . .     SeeInvis .     g - +8 great mace of Dividends {crush, +Rage rF+ MR+ Int-2}
rCold  + + .     Gourm    .     p - +0 plate armour
rNeg   . . .     Faith    +     (shield currently unavailable)
rPois  .         Spirit   .     W - +2 hat {Int+3}
rElec  .         Reflect  .     X - +2 cloak {rC+}
rCorr  +         Harm     .     (no gloves)
MR     ++++.                    (no boots)
Stlth  ..........               J - amulet of faith
                                y - ring of protection from magic
                                w - +2 ring of protection

@: exhausted, regenerating, slowed, very slow
A: claws 2, yellow scales 3, blurry vision 1, cold resistance 1, demonic
guardian 1, low mp 1, powered by death 1, shaggy fur 1, strong 1
a: Berserk, Trog's Hand, Brothers in Arms, Burn Spellbooks, Renounce Religion,
Evoke Berserk Rage


You were on level 2 of the Orcish Mines.
You worshipped Trog.
Trog was exalted by your worship.
You were not hungry.

You visited 2 branches of the dungeon, and saw 12 of its levels.
You also visited: Sewer and Ice Cave.

You collected 916 gold pieces.

Inventory:

Hand Weapons
 a - a +1 hand axe
 g - the +8 great mace of Dividends (weapon) {crush, +Rage rF+ MR+ Int-2}
   (You found it in an ice cave)

   It inflicts extra damage upon your enemies.
   It affects your intelligence (-2).
   It protects you from fire.
   It affects your resistance to hostile enchantments.
   It lets you go berserk.
 F - the +4 scimitar of Victory {protect, -Tele Int+6 Dex+3}
   (You found it on level 5 of the Dungeon)

   It protects the one who uses it against injury (+AC on strike).
   It affects your intelligence (+6).
   It affects your dexterity (+3).
   It prevents most forms of teleportation.
 L - the +12 quick blade of Cofegegran {pierce, rPois Str+4 Dex+3}
   (Trog gifted it to you on level 10 of the Dungeon)

   It inflicts extra damage upon your enemies.
   It affects your strength (+4).
   It affects your dexterity (+3).
   It protects you from poison.
Missiles
 R - 4 javelins (quivered)
Armour
 p - a +0 plate armour (worn)
 N - the +0 leather armour of a bazaar {rElec rCorr Str+5 Int-5}
   (You found it on level 10 of the Dungeon)

   It affects your strength (+5).
   It affects your intelligence (-5).
   It insulates you from electricity.
   It protects you from acid and corrosion.
 W - a +2 hat of intelligence (worn)
 X - a +2 cloak of cold resistance (worn)
Jewellery
 u - an uncursed ring of poison resistance
 w - a +2 ring of protection (left claw)
 y - a ring of protection from magic (right claw)
 D - an uncursed ring of protection from fire
 J - an amulet of faith (around neck)
Wands
 b - a wand of random effects (11/48)
 j - a wand of lightning (7/15)
 o - a wand of polymorph (19/24)
 M - a wand of polymorph (13/24)
 O - a wand of lightning (7/15)
 P - a wand of flame (21/48)
 T - a wand of polymorph (11/24)
Scrolls
 f - a scroll of enchant weapon
 s - 4 scrolls of teleportation
 E - 4 scrolls of enchant armour
 G - a scroll of fog
 H - a scroll of fear
 K - 3 scrolls of remove curse
Potions
 c - 2 potions of lignification
 h - a potion of berserk rage
 i - a potion of invisibility
 k - 5 potions of curing
 l - 4 potions of might
 n - a potion of brilliance
 q - a potion of heal wounds
 r - 3 potions of haste
 z - a potion of cure mutation {unknown}
 A - 2 potions of agility {unknown}
 C - a potion of cancellation {unknown}
 I - a potion of magic {unknown}
 U - 2 potions of beneficial mutation {unknown}
 Y - 3 potions of flight {unknown}
 Z - a potion of resistance {unknown}
Comestibles
 d - 12 bread rations
 m - 8 chunks of flesh
 t - 3 slices of pizza
 v - a royal jelly
 B - 5 meat rations
 S - 2 fruits


   Skills:
 * Level 11.1 Fighting
 + Level 6.7(9.3) Short Blades
 + Level 10.0(10.8) Long Blades
 + Level 5.2(5.5) Axes
 + Level 2.5(4.2) Maces & Flails
 + Level 7.0 Armour
 + Level 3.6 Dodging


You had 11 spell levels left.
You didn't know any spells.

Dungeon Overview and Level Annotations

Branches:
Dungeon (10/15)            Temple (0/1) D:5            Lair (0/6) D:10
    Orc (2/2) D:10
    Elf: Orc:2

Altars:
Fedhas
Gozag
Nemelex Xobeh
Qazlal
Ru
Xom

Shops:
D:4 :   D:9 }   Orc:2 }


Innate Abilities, Weirdness & Mutations

You have very sharp fingernails.
You are completely covered in yellow scales. (AC +4, rCorr)
A weak demonic guardian rushes to your aid.
You regenerate a little health from kills.
Scrolls take you a little longer to read.
Your flesh is cold resistant. (rC+)
Your magical capacity is low. (-10% MP)
You are covered in fur. (AC +1)
Your muscles are strong. (Str +2)


Message History

This raw flesh tastes terrible.
Your white imp hits the orc knight but does no damage.
The orc knight hits your white imp with a long sword!
Your white imp dies!
You closely miss the orc knight.
The orc knight is severely wounded.
The orc knight hits you with a long sword!
Your plate armour prevents you from hitting the orc knight.
The orc knight is severely wounded.
The orc knight no longer looks unusually strong.
The orc knight hits you with a battleaxe!
The orc high priest calls down the wrath of Beogh upon you.
Beogh smites you!
* * * LOW HITPOINT WARNING * * *
The orc knight hits you with a long sword!
* * * LOW HITPOINT WARNING * * *
Your white imp gestures at the orc knight.
The puff of frost hits the orc knight.
The orc knight hits you with a battleaxe!
You die...

####....#..##
#.........#
##.......##
###.#####
######.######
#...........###
...####.####.5.##
#.# ###..## #.#
##@o# #.# ##o#
#.# #4# ...
#oo)o# .. ##4.##
#o) o.. ##.. ..#


You could see 2 orc knights, an orc high priest, an ice devil and a friendly
white imp.

Vanquished Creatures
  A frost giant (IceCv)
  3 orc sorcerers
  An ice statue (IceCv)
  2 gargoyles (D:10)
  15 polar bears (IceCv)
  A spriggan (D:8)
  21 yaks
  Eustachio (D:6)
  2 hungry ghosts (D:9)
  Menkaure (D:5)
  Edmund (D:6)
  A soldier ant (D:6)
  2 water moccasins
  7 orc warriors
  6 ice beasts
  2 ogres
  A phantom (D:7)
  2 sky beasts
  An eye of draining (D:8)
  11 wolves
  A centaur (D:10)
  3 big kobolds
  4 bullfrogs
  6 killer bees
  3 wights (D:10)
  An electric eel (D:9)
  5 crimson imps
  A bullfrog zombie (D:7)
  3 quasits
  A bullfrog skeleton (D:9)
  A jelly (D:9)
  11 orc priests
  2 centaur skeletons (D:9)
  3 hounds
  2 iguanas
  16 orc wizards
  4 worker ants
  A hound zombie (D:9)
  2 hound skeletons
  Robin (D:2)
  8 gnolls
  10 adders
  6 river rats (Sewer)
  A shadow imp (D:7)
  2 white imps (D:9)
  An ufetubus (D:9)
  An ooze (D:5)
  2 adder zombies (D:6)
  An adder skeleton (D:9)
  A worm (D:5)
  An adder simulacrum (D:9)
  5 dart slugs
  10 leopard geckos
  31 orcs
  6 ball pythons
  4 bats
  5 giant cockroaches
  17 goblins
  6 hobgoblins
  12 jackals
  2 quokkas
  14 frilled lizards
  A jackal skeleton (D:4)
  21 kobolds
  3 leopard gecko skeletons
  A leopard gecko zombie (D:6)
  A quokka skeleton (D:5)
  A quokka zombie (D:6)
  11 rats
338 creatures vanquished.

Vanquished Creatures (collateral kills)
  A yak (IceCv)
  Duvessa (D:5)
  An ogre (D:8)
  Dowan (D:5)
  2 killer bees
  An orc priest (Orc:2)
  A centaur zombie (D:10)
  A water moccasin simulacrum (D:9)
  3 orcs
  A giant cockroach (D:5)
13 creatures vanquished.

Grand Total: 351 creatures vanquished

Notes
Turn   | Place    | Note
-------+----------+-------------------------------------------
     0 | D:1      | Gitz the Demonspawn Berserker began the quest for the Orb.
     0 | D:1      | Reached XP level 1. HP: 18/18 MP: 1/1
    96 | D:1      | Gained mutation: You regenerate a little health from kills. [demonic ancestry]
    96 | D:1      | Reached XP level 2. HP: 23/24 MP: 2/2
   438 | D:1      | Reached ** piety under Trog
   438 | D:1      | Gained mutation: A weak demonic guardian rushes to your aid. [demonic ancestry]
   438 | D:1      | Reached XP level 3. HP: 29/29 MP: 3/3
   852 | D:2      | Reached skill level 4 in Fighting
   852 | D:2      | Reached XP level 4. HP: 13/37 MP: 4/4
  1373 | D:2      | Noticed Robin
  1422 | D:2      | Killed Robin
  1791 | D:3      | Found a blossoming altar of Fedhas.
  1804 | D:3      | Reached *** piety under Trog
  1804 | D:3      | Gained mutation: You are partially covered in yellow scales. (AC +2) [demonic ancestry]
  1804 | D:3      | Reached XP level 5. HP: 42/42 MP: 5/5
  2299 | D:4      | Found Nilohios's Book Shop.
  2919 | D:5      | Entered Level 5 of the Dungeon
  2928 | D:5      | Noticed Menkaure
  2934 | D:5      | Killed Menkaure
  2934 | D:5      | Reached skill level 5 in Fighting
  2934 | D:5      | Reached XP level 6. HP: 51/51 MP: 6/6
  3130 | D:5      | Found a staircase to the Ecumenical Temple.
  3195 | D:5      | Found an opulent altar of Gozag.
  3264 | D:5      | Noticed Dowan
  3279 | D:5      | Killed Dowan
  3296 | D:5      | Noticed Duvessa
  3312 | D:5      | Killed Duvessa
  3312 | D:5      | Reached skill level 5 in Axes
  3312 | D:5      | Gained mutation: You are mostly covered in yellow scales. (AC +3) [demonic ancestry]
  3312 | D:5      | Reached XP level 7. HP: 45/56 MP: 7/7
  3320 | D:5      | Got a steaming scimitar
  3323 | D:5      | Identified the +4 scimitar of Victory {protect, -Tele Int+6 Dex+3} (You found it on level 5 of the Dungeon)
  3343 | D:5      | Found a shimmering altar of Xom.
  3562 | D:6      | Found a glowing drain.
  3614 | Sewer    | Entered a sewer
  3818 | Sewer    | Reached **** piety under Trog
  3873 | Sewer    | Reached skill level 1 in Long Blades
  4182 | D:6      | Noticed Eustachio
  4193 | D:6      | Killed Eustachio
  4193 | D:6      | Reached skill level 6 in Fighting
  4224 | D:6      | Found a stormy altar of Qazlal.
  4224 | D:6      | Noticed Edmund
  4226 | D:6      | Found a sparkling altar of Nemelex Xobeh.
  4232 | D:6      | Killed Edmund
  4232 | D:6      | Reached XP level 8. HP: 64/64 MP: 8/8
  4630 | D:7      | Gained mutation: Scrolls take you a little longer to read. [mutagenic meat]
  4631 | D:7      | Gained mutation: Your flesh is cold resistant. (rC+) [mutagenic meat]
  4633 | D:7      | Gained mutation: Your muscles are strong. (Str +2) [mutagenic meat]
  4634 | D:7      | Gained mutation: You are covered in fur. (AC +1) [mutagenic meat]
  4635 | D:7      | Gained mutation: Your magical capacity is low. (-10% MP) [mutagenic meat]
  4768 | D:7      | Reached skill level 5 in Long Blades
  4778 | D:7      | Reached ***** piety under Trog
  5292 | D:8      | Reached skill level 7 in Fighting
  5292 | D:8      | Gained mutation: You have sharp fingernails. [demonic ancestry]
  5292 | D:8      | Reached XP level 9. HP: 72/72 MP: 8/8
  5895 | D:9      | Found a sacrificial altar of Ru.
  5983 | D:9      | Reached skill level 8 in Fighting
  6102 | D:9      | Gained mutation: You have very sharp fingernails. [demonic ancestry]
  6102 | D:9      | Reached XP level 10. HP: 82/82 MP: 9/9
  6192 | D:9      | Received a gift from Trog
  6400 | D:9      | Reached skill level 9 in Fighting
  6400 | D:9      | Reached skill level 5 in Armour
  6453 | D:9      | Found Zekul's Gadget Boutique.
  6634 | D:10     | Entered Level 10 of the Dungeon
  6650 | D:10     | Found a staircase to the Orcish Mines.
  6702 | D:10     | Received a gift from Trog
  6711 | D:10     | Got a faintly glowing quick blade {god gift}
  6734 | D:10     | Identified the +12 quick blade of Cofegegran {pierce, rPois Str+4 Dex+3} (Trog gifted it to you on level 10 of the Dungeon)
  6769 | D:10     | Got a spiked leather armour
  6914 | D:10     | Noticed a gargoyle
  6917 | D:10     | Reached ****** piety under Trog
  6924 | D:10     | Found a staircase to the Lair.
  6929 | D:10     | Killed a gargoyle
  6929 | D:10     | Reached skill level 10 in Long Blades
  7213 | D:10     | Reached skill level 1 in Short Blades
  7276 | D:10     | Noticed a gargoyle
  7282 | D:10     | Killed a gargoyle
  7282 | D:10     | Reached XP level 11. HP: 90/90 MP: 9/9
  7362 | D:10     | Identified the cursed +0 leather armour of a bazaar {rElec rCorr Str+5 Int-5} (You found it on level 10 of the Dungeon)
  7469 | Orc:1    | Entered Level 1 of the Orcish Mines
  7501 | Orc:1    | Found a frozen archway.
  7535 | IceCv    | Entered an ice cave
  7554 | IceCv    | Reached skill level 10 in Fighting
  7773 | IceCv    | Reached skill level 5 in Short Blades
  7790 | IceCv    | Received a gift from Trog
  7828 | IceCv    | Noticed a frost giant
  7864 | IceCv    | Killed a frost giant
  7872 | IceCv    | Reached skill level 11 in Fighting
  7964 | IceCv    | Got a dazzling great mace
  7992 | IceCv    | Identified the +8 great mace of Dividends {crush, +Rage rF+ MR+ Int-2} (You found it in an ice cave)
  8344 | Orc:1    | Noticed an orc sorcerer
  8355 | Orc:1    | Killed an orc sorcerer
  8383 | Orc:1    | Reached skill level 1 in Maces & Flails
  8487 | Orc:2    | Entered Level 2 of the Orcish Mines
  8607 | Orc:2    | Noticed an orc sorcerer
  8607 | Orc:2    | Found Saapu Ciso's Gadget Shoppe.
  8608 | Orc:2    | Noticed an orc knight
  8612 | Orc:2    | Noticed an orc knight
  8614 | Orc:2    | Noticed an orc sorcerer
  8616 | Orc:2    | Noticed an orc high priest
  8616 | Orc:2    | Killed an orc sorcerer
  8616 | Orc:2    | Gained mutation: You are completely covered in yellow scales. (AC +4, rCorr) [demonic ancestry]
  8616 | Orc:2    | Reached XP level 12. HP: 100/100 MP: 10/10
  8618 | Orc:2    | Noticed an orc high priest
  8622 | Orc:2    | Noticed an orc high priest
  8629 | Orc:2    | Slain by an orc knight

Skill      XL: |  1  2  3  4  5  6  7  8  9 10 11 12 |
---------------+-------------------------------------+-----
Axes           | 3 4 5 |  5.2
Dodging        | 2 3 |  3.6
Armour         | 2 3 4 6 7 |  7.0
Fighting       | 4 5 6 7 8 9 11 | 11.1
Long Blades    | 3 6 8 10 | 10.0
Short Blades   | 1 6 |  6.7
Maces & Flails | 1 2 |  2.5

Action                   |  1- 3 |  4- 6 |  7- 9 | 10-12 || total
-------------------------+-------+-------+-------+-------++-------
Melee: Hand axe          |    93 |   276 |       |       ||   369
       Scimitar          |       |       |   363 |   144 ||   507
       Quick blade       |       |       |       |   270 ||   270
       Great mace        |       |       |       |    55 ||    55
Invok: Berserk           |     5 |     7 |     8 |     7 ||    27
       Trog's Hand       |       |     2 |       |     3 ||     5
       Burn Spellbooks   |       |       |       |     1 ||     1
  Use: Scroll            |       |    10 |       |    12 ||    22
 Stab: Distracted        |       |     2 |     1 |     1 ||     4
       Sleeping          |       |     1 |       |       ||     1
  Eat: Chunk             |     4 |     8 |    24 |    18 ||    54
       Bread ration      |       |     1 |       |       ||     1
       Beef jerky        |       |     1 |       |       ||     1
Armor: Animal skin       |    13 |       |       |       ||    13
       Leather armour    |     9 |     9 |       |       ||    18
       Chain mail        |       |   153 |   148 |       ||   301
       Plate armour      |       |       |   134 |   298 ||   432
Dodge: Dodged            |    78 |   111 |   198 |   167 ||   554
       Rpst.: Scimitar   |       |       |    60 |    21 ||    81
